 Dungeon Crawl Stone Soup version 0.30-a0-691-g754fce4c43 (webtiles) character file.

Game seed: 162184482925004177

769 Darius099 the Trooper (level 7, -13/45 HPs)
             Began as a Gargoyle Fighter on Jan 19, 2023.
             Killed from afar by a steam dragon (21 damage)
             ... with a ball of steam
             ... on level 5 of the Dungeon.
             The game lasted 00:07:13 (3075 turns).

Darius099 the Trooper (Gargoyle Fighter)            Turns: 3075, Time: 00:07:14

Health: -13/45     AC: 21    Str: 19    XL:     7   Next: 82%
Magic:  0/0        EV:  5    Int: 12    God:
Gold:   297        SH:  5    Dex: 11    Spells: 6/6 levels left

rFire   . . .      SeeInvis .    B - +1 flail (protect)
rCold   . . .      Faith    .    c - +0 buckler
rNeg    + + +      Spirit   .    p - +1 plate armour "Voruisch" {*Corrode rN+++ MP-9 Int+3}
rPois   ∞          Reflect  .    (no helmet)
rElec   +          Harm     .    (no cloak)
rCorr   .          Rampage  .    (no gloves)
Will    +....                    (no boots) Stlth
                                 (no amulet)
HPRegen 0.27/turn                f - ring of willpower
MPRegen 0.07/turn                (no ring)

@: corroded, under a protective aura
A: sickness immunity, AC +4, negative energy resistance 1, electricity
resistance, torment resistance 1, petrification resistance
a: no special abilities


You were on level 5 of the Dungeon.
You visited 1 branch of the dungeon, and saw 5 of its levels.

You collected 297 gold pieces.

Inventory:

Hand Weapons
 a - a +0 flail
 B - a +1 flail of protection (weapon)
Armour
 b - a +0 scale mail
 c - a +0 buckler (worn)
 p - the +1 plate armour "Voruisch" (worn) {*Corrode rN+++ MP-9 Int+3}
   (You found it on level 2 of the Dungeon)

   Int:       It affects your intelligence (+3).
   rN:        It renders you almost immune to negative energy.
   MP:        It affects your magic capacity (-9).
   *Corrode:  It may corrode you when you take damage.
Jewellery
 f - a ring of willpower (left hand)
 v - an amulet of guardian spirit
Scrolls
 i - 3 scrolls of teleportation {unknown}
 l - 5 scrolls of identify {unknown}
 m - 2 scrolls of poison {unknown}
 n - 4 scrolls of amnesia {unknown}
 o - 2 scrolls of summoning {unknown}
 q - a scroll of enchant armour {unknown}
 r - a scroll of magic mapping {unknown}
 t - 3 scrolls of vulnerability {unknown}
 x - a scroll of noise {unknown}
 y - a scroll of blinking {unknown}
 E - a scroll of enchant weapon {unknown}
Potions
 d - a potion of might
 e - a potion of curing {unknown}
 g - a potion of mutation {unknown}
 h - 2 potions of lignification {unknown}
 j - a potion of cancellation {unknown}
 k - a potion of haste {unknown}
 s - 3 potions of heal wounds {unknown}
 u - 2 potions of magic {unknown}
 w - a potion of brilliance {unknown}
 z - a potion of degeneration {unknown}
 A - a potion of berserk rage {unknown}
 C - a potion of attraction {unknown}
 D - a potion of resistance {unknown}


   Skills:
 + Level 5.7 Fighting
 + Level 4.5 Maces & Flails
 + Level 5.6 Armour
 + Level 5.6 Shields


You had 6 spell levels left.
You didn't know any spells.
Your spell library contained the following spells:

 Spells                   Type           Power      Damage    Failure   Level
 Magic Dart               Conj           0%         1d3       100%        1
 Call Imp                 Summ           0%         N/A       100%        2
 Ignite Poison            Fire/Tmut/Pois 0%         N/A       100%        3
 Kindle Blastsparks       Fire/Tloc/Air  0%         2d10      100%        3
 Mephitic Cloud           Conj/Pois/Air  0%         N/A       100%        3
 Ozocubu's Armour         Ice            0%         N/A       100%        3
 Stone Arrow              Conj/Erth      0%         3d7       100%        3
 Animate Armour           Summ/Erth      0%         N/A       100%        4
 Blade Hands              Tmut           0%         N/A       100%        5
 Freezing Cloud           Conj/Ice/Air   0%         6-21      100%        5
 Irradiate                Conj/Tmut      0%         3d11      100%        5
 Metabolic Englaciation   Hex/Ice        0%         N/A       100%        5
 Simulacrum               Ice/Necr       0%         N/A       100%        6
 Dragon Form              Tmut           0%         N/A       100%        7
 Lehudib's Crystal Spear  Conj/Erth      0%         10d2      100%        8


Dungeon Overview and Level Annotations

Branches:
Dungeon (5/15)             Temple (0/1) D:4

Altars:
Zin


Innate Abilities, Weirdness & Mutations

You are immune to sickness and miasma.
Your stone body is resilient. (AC +4)
You are immune to poison.
You resist negative energy. (rN+)
You are resistant to electric shocks. (rElec)
You are resistant to unholy torment.
You are immune to petrification.


Message History

You closely miss the steam dragon.
The jelly quivers.
You block the ufetubus's attack.
The ufetubus hits you but does no damage.
The steam dragon breathes steam at you. The ball of steam hits you!
The ufetubus hits you but does no damage.
The ufetubus barely misses you.
You hear an angry hiss.
The steam dragon attacks as you move away!
The steam dragon bites you but does no damage.
The steam dragon barely misses you.
You are engulfed in a cloud of scalding steam.
You are engulfed in a cloud of scalding steam.
The ufetubus barely misses you. The ufetubus completely misses you.
You sock the steam dragon!
Your weapon exudes an aura of protection.
The steam dragon is moderately wounded.
You are engulfed in a cloud of scalding steam.
Your corrosive artefact corrodes you!
The ufetubus hits you but does no damage. x2
You block the steam dragon's attack. The steam dragon barely misses you.
You closely miss the steam dragon.
The steam dragon is moderately wounded.
You are engulfed in a cloud of scalding steam.
The ufetubus is engulfed in a cloud of scalding steam.
The ufetubus hits you but does no damage. x2
The steam dragon bites you but does no damage.
The steam dragon claws you but does no damage.
The ufetubus is engulfed in a cloud of scalding steam.
The ufetubus dies!
The steam dragon bites you. The steam dragon closely misses you.
A phantom comes into view.
You hit the steam dragon.
The steam dragon is heavily wounded.
You are engulfed in a cloud of scalding steam.
* * * LOW HITPOINT WARNING * * *
The steam dragon breathes steam at you. The ball of steam hits you!!
You die...

..####.......^##.#
##......##..##
#........#...####
...###..........##
... #....##......#
.. ##..........##
#....>....##
#...#.....##
#..###.@### #..
##D.## ... #J..#
#........
........#
........##
......W....
.#..........
..##.........


You could see a steam dragon (catching breath), a phantom and a jelly.

Vanquished Creatures
  Grinder (D:3)
  2 necrophages (D:5)
  2 scorpions (D:4)
  2 hounds (D:4)
  2 orc priests (D:3)
  An iguana (D:4)
  10 adders
  A worm (D:4)
  7 orcs (D:3)
  10 endoplasms
  8 giant cockroaches
  8 goblins
  7 hobgoblins
  4 jackals (D:1)
  5 quokkas
  8 ball pythons
  3 bats
  2 frilled lizards
  6 kobolds
  A rat (D:3)
90 creatures vanquished.

Vanquished Creatures (others)
  An ufetubus (D:5)
1 creature vanquished.

Grand Total: 91 creatures vanquished

Notes
Turn   | Place    | Note
-------+----------+-------------------------------------------
     0 | D:1      | Darius099 the Gargoyle Fighter began the quest for the Orb.
     0 | D:1      | Reached XP level 1. HP: 14/14 MP: 1/1
    90 | D:1      | Reached XP level 2. HP: 15/19 MP: 2/2
   426 | D:1      | Reached XP level 3. HP: 23/23 MP: 3/3
   808 | D:2      | Identified the +1 plate armour "Voruisch" {*Corrode rN+++
                  | MP-9 Int+3}
   974 | D:2      | Reached XP level 4. HP: 29/29 MP: 0/4
  1417 | D:3      | Reached XP level 5. HP: 14/33 MP: 0/5
  1582 | D:3      | Noticed Grinder
  1595 | D:3      | Paralysed by Grinder for 2 turns
  1636 | D:3      | Killed Grinder
  1637 | D:3      | Reached XP level 6. HP: 27/40 MP: 0/6
  1759 | D:3      | Found a glowing silver altar of Zin.
  2071 | D:4      | Reached skill level 5 in Fighting
  2071 | D:4      | Reached skill level 5 in Armour
  2071 | D:4      | Reached skill level 5 in Shields
  2206 | D:4      | Reached XP level 7. HP: 44/44 MP: 0/7
  2277 | D:4      | Found a staircase to the Ecumenical Temple.
  2885 | D:5      | Entered Level 5 of the Dungeon
  3067 | D:5      | Noticed a steam dragon
  3075 | D:5      | Killed from afar by a steam dragon

Illustrated notes

Levels and vault maps discovered:
D:1:      dpeg_arrival_rooms_with_view, layout_loops_cross,
          minmay_misc_feat_secret_circle, minivault_27
D:2:      layout_loops_ring
D:3:      layout_rooms, zin_scriptorium, minmay_tree_intersection, uniq_grinder
D:4:      layout_cave_pods, minmay_temple_entry_glass, minmay_between
D:5:      layout_cave_pools

Skill      XL: |  1  2  3  4  5  6 |
---------------+-------------------+-----
Shields        | 4 5 |  5.6
Armour         | 4 5 |  5.6
Fighting       | 4 5 |  5.7
Maces & Flails | 3 4 |  4.5

Action                   |  1- 3 |  4- 6 |  7- 9 || total
-------------------------+-------+-------+-------++-------
Melee: Whip              |   107 |    45 |       ||   152
       Flail             |    11 |   112 |    82 ||   205
Armor: Scale mail        |    78 |       |       ||    78
       Plate armour      |    16 |   139 |    77 ||   232
Dodge: Dodged            |    71 |    33 |    39 ||   143
Block: Buckler           |    28 |    31 |    28 ||    87

Table legend: (Time is in decaauts)
 A = Elapsed time spent in this place.
 B = Non-inter-level travel time spent in this place.
 C = Inter-level travel time spent in this place.
 D = Time resting spent in this place.
 E = Time spent auto-exploring this place.
 F = Levels seen in this place.
 G = Mean time per level.
                   A        B        C        D        E       F      G
               +--------+--------+--------+--------+--------+-----+--------+
         Total |   3126 |   3005 |    121 |    111 |   2097 |   5 |  625.2 |
       Dungeon |   3126 |   3005 |    121 |    111 |   2097 |   5 |  625.2 |
               +--------+--------+--------+--------+--------+-----+--------+

Top non-repeatable levels by time:
     D:4: 890 daAuts
     D:1: 743 daAuts
     D:3: 685 daAuts
     D:2: 606 daAuts
     D:5: 200 daAuts
